 Dungeon Crawl Stone Soup version 0.30-a0-760-g5a9884bb7c (webtiles) character file.

Game seed: 7616637583982610944

135688 octoduck the Brawler (level 17, 0/157 HPs)
             Began as a Merfolk Transmuter on Feb 11, 2023.
             Was an Initiate of Gozag.
             Slain by a fenstrider witch (20 damage)
             ... while paralysed by a fenstrider witch
             ... on level 4 of the Swamp.
             The game lasted 02:15:04 (43094 turns).

octoduck the Brawler (Merfolk Transmuter)          Turns: 43094, Time: 02:15:05

Health: 0/157      AC:  8    Str: 17    XL:     17   Next: 20%
Magic:  6/24       EV:  1    Int: 13    God:    Gozag
Gold:   2675       SH:  0    Dex: 21    Spells: 1/25 levels left

rFire   x . .      SeeInvis .      - Unarmed
rCold   + + +      Faith    .    (shield currently unavailable)
rNeg    + . .      Spirit   .    (body armour currently unavailable)
rPois   +          Reflect  +    (helmet currently unavailable)
rElec   .          Harm     .    (cloak currently unavailable)
rCorr   .          Rampage  .    (gloves currently unavailable)
Will    +....                    (boots currently unavailable)
Stlth   ++                       B - amulet of reflection
HPRegen 0.46/turn                s - ring "Cagyp Yzov" {Fly rN+ Dex+6}
MPRegen 0.19/turn                c - ring of poison resistance

@: paralysed, ice-form, gold aura, flying, very slightly contaminated
A: freezing attack, boosted hp, large, (nimble swimmer 2), (mertail)
a: End Transformation, Renounce Religion, Potion Petition, Call Merchant, Bribe
Branch


You were on level 4 of the Swamp.
You worshipped Gozag.
Gozag was most pleased with you.
You were a creature of crystalline ice.
You visited 6 branches of the dungeon, and saw 28 of its levels.
You also visited: Ossuary, Bailey and Gauntlet.

You collected 9319 gold pieces.
You spent 2584 gold pieces at shops.
You paid 4060 gold pieces to Gozag.

Inventory:

Missiles
 C - 3 throwing nets (quivered)
Armour
 D - a scarf of resistance (melded)
 L - a +2 scale mail of cold resistance
 Q - a +3 scale mail of willpower (melded)
 R - a +1 pair of boots of rampaging (melded)
 S - a +2 kite shield of reflection
 W - a +2 leather armour of fire resistance
 Z - a +2 pair of gloves (melded)
Jewellery
 c - a ring of poison resistance (right front paw)
 g - a ring of positive energy
 s - the ring "Cagyp Yzov" (left front paw) {Fly rN+ Dex+6}
   (You found it in a Gauntlet)

   [ring of flight]

   Dex:       It affects your dexterity (+6).
   rN:        It protects you from negative energy.
   Fly:       It grants you flight.
 x - a ring of protection from cold
 B - an amulet of reflection (around neck)
 I - a +6 ring of intelligence
 K - a ring of willpower
 M - the ring of Kedwukhla {Ice rElec rCorr Str+2 Stlth+}
   (You found it in a Gauntlet)

   [ring of ice]

   It enhances your ice magic.
   Str:       It affects your strength (+2).
   rF:        It makes you vulnerable to fire.
   rC:        It protects you from cold.
   rElec:     It insulates you from electricity.
   rCorr:     It protects you from acid and corrosion.
   Stlth:     It makes you more stealthy.
 N - a ring of fire
 U - a ring of protection from cold
Wands
 l - a wand of charming (28)
 q - a wand of iceblast (13)
 t - a wand of mindburst (33)
 y - a wand of polymorph (14)
 z - a wand of quicksilver (7)
 P - a wand of digging (8)
Scrolls
 f - 2 scrolls of amnesia
 m - 10 scrolls of identify
 p - 4 scrolls of enchant weapon
 r - 2 scrolls of poison
 u - 2 scrolls of fog
 v - 4 scrolls of blinking
 w - 5 scrolls of teleportation
 E - 3 scrolls of fear
 G - a scroll of brand weapon
 H - 3 scrolls of summoning
Potions
 a - 3 potions of invisibility
 b - 3 potions of lignification
 e - 2 potions of cancellation
 h - 2 potions of brilliance
 i - 5 potions of mutation
 j - 6 potions of haste
 k - 3 potions of berserk rage
 n - 11 potions of curing
 o - 6 potions of ambrosia
 A - 3 potions of attraction
 F - 3 potions of magic
 T - 3 potions of might
 V - a potion of flight
 Y - 3 potions of heal wounds


   Skills:
 - Level 11.2 Fighting
 - Level 8.0 Armour
 - Level 14.2 Dodging
 + Level 19.2 Unarmed Combat
 - Level 4.6 Spellcasting
 * Level 4.1 Hexes
 - Level 8.4 Summonings
 - Level 14.4 Transmutations
 - Level 8.0 Ice Magic
 - Level 6.6 Air Magic


You had one spell level left.
You knew the following spells:

 Your Spells              Type           Power      Damage    Failure   Level
a - Beastly Appendage     Tmut           80%        N/A       1%          1
b - Blade Hands           Tmut           20%        N/A       1%          5
c - Ice Form              Ice/Tmut       32%        N/A       1%          4
d - Call Canine Familiar  Summ           24%        N/A       1%          3
e - Summon Lightning Spi  Summ/Air       22%        N/A       9%          4
f - Summon Ice Beast      Ice/Summ       24%        N/A       7%          4
g - Tukima's Dance        Hex            13%        N/A       11%         3

Your spell library contained the following spells:

 Spells                   Type           Power      Damage    Failure   Level
 Sting                    Tmut/Pois      84%        1d7       1%          1
 Foxfire                  Conj/Fire      12%        2x1d4     19%         1
 Wereblood                Tmut           40%        N/A       1%          2
 Ensorcelled Hibernation  Hex/Ice        36%        N/A       2%          2
 Spider Form              Tmut/Pois      21%        N/A       3%          3
 Poisonous Vapours        Pois/Air       22%        N/A       8%          2
 Hailstorm                Conj/Ice       13%        3d5       11%         3
 Cigotuvi's Dreadful Rot  Necr/Pois/Air  16%        N/A       12%         2
 Yara's Violent Unravell  Hex/Tmut       13%        3d7       12%         5
 Vhi's Electric Charge    Tloc/Air       22%        N/A       16%         3
 Inner Flame              Hex/Fire       8%         N/A       26%         3
 Portal Projectile        Hex/Tloc       16%        N/A       26%         3
 Irradiate                Conj/Tmut      10%        3d15      28%         5
 Animate Armour           Summ/Erth      26%        N/A       34%         4
 Dragon Form              Tmut           20%        N/A       41%         7
 Stone Arrow              Conj/Erth      6%         3d7       50%         3
 Freezing Cloud           Conj/Ice/Air   7%         6-21      58%         5
 Anguish                  Hex/Necr       4%         N/A       63%         4
 Leda's Liquefaction      Hex/Erth       4%         N/A       63%         4
 Summon Forest            Summ/Tloc      6%         N/A       67%         5
 Arcjolt                  Conj/Air       5%         1d15      80%         5
 Eringya's Noxious Bog    Tmut/Pois      10%        N/A       83%         6
 Dispel Undead            Necr           3%         3d7       88%         4
 Flame Wave               Conj/Fire      3%         2d5       88%         4
 Olgreb's Toxic Radiance  Pois           3%         N/A       88%         4
 Passage of Golubria      Tloc           3%         N/A       88%         4
 Sticky Flame             Conj/Fire      3%         2d3       88%         4
 Storm Form               Tmut/Air       15%        N/A       91%         7
 Fireball                 Conj/Fire      1%         3d3       99%         5
 Summon Hydra             Summ           12%        N/A       99%         7
 Death Channel            Necr           1%         N/A       100%        6
 Starburst                Conj/Fire      1%         6d3       100%        6
 Lehudib's Crystal Spear  Conj/Erth      1%         10d2      100%        8
 Maxwell's Capacitive Co  Air            10%        ∞         100%        8
 Polar Vortex             Ice            11%        N/A       100%        9


Dungeon Overview and Level Annotations

Branches:
Dungeon (15/15)            Temple (1/1) D:6            Lair (5/5) D:11
  Swamp (4/4) Lair:3        Snake (1/4) Lair:2        Slime (0/5) Lair:5
    Orc (2/2) D:12            Elf (0/3) Orc:2        Vaults (0/5) D:14
Ossuary (visited)          Bailey (visited)         Gauntlet (visited)
 Depths: D:15

Altars:
Ashenzari
Cheibriados
Dithmenos
Elyvilon
Fedhas
Gozag
Hepliaklqana
Kikubaaqudgha
Makhleb
Nemelex Xobeh
Okawaru
Qazlal
Ru
Sif Muna
Trog
Uskayaw
Vehumet
Wu Jian
Xom
Yredelemnul
Zin
The Shining One
Jiyva
Lugonu

Shops:
D:11 *   D:13 *   Orc:2 ([*:

Portals:
Abyss: Swamp:3

Annotations:
D:15 exclusion: upstairs, Erica, Louise
Swamp:2 1 runed translucent door, Enkazo Toplu's ghost, adept AtWr
Snake:1 Roxanne


Innate Abilities, Weirdness & Mutations

You are a creature of crystalline ice.
You have a powerful freezing melee attack.
Your maximum health is increased.
Your armour is entirely melded.
You are incapable of wielding weapons or throwing items.
((You are very nimble when in or above water. (Stealth+, EV+, Speed+++)))
((Your lower body shifts to a powerful aquatic tail in water.))


Message History

The eight-headed hydra bites you! The eight-headed hydra bites you.
The eight-headed hydra closely misses you.
The eight-headed hydra bites you!
The eight-headed hydra completely misses you.
The eight-headed hydra bites you!
The eight-headed hydra closely misses you.
The eight-headed hydra misses you.
You pummel the eight-headed hydra!! You freeze the eight-headed hydra!
The eight-headed hydra is almost dead.
Your lightning spire shoots out a bolt of lightning at the eight-headed hydra!
The bolt of electricity hits the eight-headed hydra.
You strike the helpless eight-headed hydra from behind!
You pummel the eight-headed hydra like a punching bag!!!
You freeze the eight-headed hydra.
You kill the eight-headed hydra!
The swamp dragon breathes poison at you.
The blast of poison misses you.
Things that are here:
55 gold pieces; a +0 robe You punch the fenstrider witch!
You freeze the fenstrider witch.
The fenstrider witch is lightly wounded.
You pummel the fenstrider witch like a punching bag!!!
You freeze the fenstrider witch!
The fenstrider witch is severely wounded.
Your lightning spire disappears in a puff of smoke!
The fenstrider witch points at you and mumbles some strange words.
You suddenly lose the ability to move!
The fenstrider witch hits you! The fenstrider witch kicks you!
The fenstrider witch hits you!!
The fenstrider witch kicks you but does no damage.
The fenstrider witch hits you!!
* * * LOW HITPOINT WARNING * * *
The fenstrider witch kicks you but does no damage.
The fenstrider witch hits you but does no damage.
The fenstrider witch kicks you!
* * * LOW HITPOINT WARNING * * *
The swamp dragon is distracted by your dazzling golden aura.
The fenstrider witch hits you!!
You die...
Your body crumbles into a pile of gold.

~~♣♣.~~~~~~~..♣♣~.~..~♣
.♣♣♣.~~§~~~.♣♣♣♣♣~..~♣♣
♣♣~~~~~.~♣♣♣♣♣♣♣..~..~♣♣
..♣♣~~.♣♣♣♣♣♣♣....~~..~♣
..♣♣.~~.~..♣♣~.....~~..♣
~~..~~~..~§~..~~~...§..♣
~~~~~~~~~~~~~~°~~~.~~~~♣
~~~.~~~~~~~~♣~~~~§.~.~.♣
~~~)~~..~~~♣♣♣~.Y♣♣♣~..♣
~~~~~~~...~♣♣♣♣♣♣H~....§♣
~~~)~)~..~..♣ D~.~~.♣♣
~~~~~~~~~~§♣♣ .~~~§~~♣
..~....~~~.♣♣ ♣...~~..~
..♣~..~~~.♣~♣ ~§§~~~ ~
.~.~..♣~..~♣.. ~~~~~~
~~..~.♣~~♣♣§♣♣~~ ..~§§~
..~~..~♣♣~~♣♣ ♣


You could see a swamp dragon (unaware) and a fenstrider witch.

Vanquished Creatures
  Nikola (Swamp:2)
  3 fenstrider witches
  Kirke (Swamp:1)
  Donald (Swamp:2)
  2 orc warlords
  8 eleionomae
  3 bunyips
  A minotaur (Gauntlet)
  Snorg (D:11)
  A fire dragon (Lair:5)
  Harold (D:10)
  A ghost crab (Swamp:3)
  6 two-headed ogres
  15 hydras
  2 boulder beetles
  A catoblepas (Lair:5)
  3 alligators (Swamp:2)
  5 centaur warriors
  4 death yaks (Lair:3)
  3 tengu warriors
  3 orc high priests (Orc:2)
  Urug (D:13)
  A spriggan berserker (Swamp:3)
  5 spriggans
  Sonja (D:11)
  3 goliath frogs (Swamp:3)
  A wretched star (Gauntlet)
  2 skysharks
  3 spriggan druids
  4 swamp dragons
  A lindwurm (Lair:5)
  6 bog bodies
  2 wizards (D:15)
  A necromancer (Lair:3)
  7 orc knights
  5 orc sorcerers (Orc:2)
  A cyclops (D:8)
  A deep elf pyromancer (Bailey)
  A salamander (shapeshifter) (D:13)
  4 will-o-the-wisps
  15 ugly things
  A moth of wrath (shapeshifter) (D:8)
  Maurice (D:12)
  26 elephants
  An apocalypse crab (Gauntlet)
  2 torpor snails
  8 black mambas
  13 cane toads
  2 gargoyles
  2 molten gargoyles (Lair:5)
  An unseen horror (D:12)
  2 minotaur zombies (Gauntlet)
  2 rime drakes
  An efreet (D:8)
  A kobold demonologist (D:10)
  11 komodo dragons
  2 tengu conjurers (Gauntlet)
  2 trolls
  8 tyrant leeches
  5 hornets
  A polar bear (Lair:5)
  7 blink frogs
  6 dream sheep (Lair:5)
  10 flying skulls (Gauntlet)
  7 wyverns
  9 slime creatures
  3 wraiths (D:12)
  A shadow (D:11)
  A vampire (D:11)
  62 yaks
  A hog (Swamp:1)
  14 humans (D:14)
  Grum (D:10)
  3 nameless horrors
  9 basilisks
  3 steam dragons
  11 vampire mosquitoes
  7 wargs
  2 acid dragons
  A small abomination (Gauntlet)
  3 hell hounds (Lair:5)
  14 swamp worms
  Duvessa (D:5)
  42 orc warriors
  2 sky beasts
  10 water moccasins
  3 elephant zombies (Lair:3)
  A swamp drake (Swamp:1)
  3 black bears
  2 ice beasts
  2 wolves (D:10)
  2 ogres
  9 centaurs
  A phantom (D:5)
  A komodo dragon zombie (Lair:3)
  2 kobold brigands
  A scorpion (D:5)
  10 bullfrogs
  Dowan (D:5)
  10 killer bees
  2 electric eels (Lair:3)
  13 howler monkeys
  3 lava snakes (Lair:5)
  A basilisk zombie (Lair:3)
  6 jellies
  6 hounds
  2 gnoll boudas
  23 orc priests
  3 iguanas
  28 orc wizards
  8 mummies (Ossuary)
  11 gnolls
  9 adders
  2 ufetubi
  A worm (D:5)
  4 dart slugs
  87 orcs
  5 bats
  7 endoplasms
  3 giant cockroaches
  6 goblins
  3 hobgoblins
  2 jackals (D:5)
  16 kobolds
  4 quokkas
  7 ball pythons
  4 frilled lizards
  3 hobgoblin zombies (Ossuary)
  3 kobold zombies (Ossuary)
  2 orc zombies (Ossuary)
  9 rats
784 creatures vanquished.

Vanquished Creatures (collateral kills)
  A two-headed ogre (D:12)
  A komodo dragon (Lair:5)
  Psyche (D:8)
  2 yaks (Lair:1)
  2 humans (D:14)
  A basilisk (Lair:5)
  A swamp worm (Swamp:2)
  4 orc warriors
  2 lava snakes (Lair:5)
  2 orc priests
  3 orc wizards (Orc:1)
  A gnoll (Orc:2)
  11 orcs
32 creatures vanquished.

Vanquished Creatures (others)
  A bloated husk (Swamp:3)
  A human (Swamp:1)
  Eustachio (D:4)
  An orc wizard (Orc:2)
  A bush (Lair:3)
  4 foxfires (Swamp:1)
  24 fungi
  A lurking horror (Swamp:3)
  35 plants
69 creatures vanquished.

Grand Total: 885 creatures vanquished

Notes
Turn   | Place    | Note
-------+----------+-------------------------------------------
     0 | D:1      | octoduck the Merfolk Transmuter began the quest for the
                  | Orb.
     0 | D:1      | Reached XP level 1. HP: 15/15 MP: 3/3
   242 | D:1      | Reached XP level 2. HP: 14/21 MP: 5/5
   276 | D:1      | Learned a level 2 spell: Wereblood
   309 | D:1      | Reached skill level 4 in Unarmed Combat
   896 | D:2      | Reached XP level 3. HP: 26/26 MP: 6/6
  1479 | D:3      | Reached skill level 5 in Unarmed Combat
  1542 | D:3      | Reached XP level 4. HP: 31/32 MP: 7/7
  3517 | D:4      | Reached skill level 13 in Unarmed Combat
  3517 | D:4      | Reached XP level 5. HP: 37/37 MP: 8/8
  3518 | D:4      | Reached skill level 5 in Fighting
  3518 | D:4      | Reached XP level 6. HP: 52/52 MP: 9/9
  3524 | D:4      | Learned a level 4 spell: Ice Form
  4201 | D:4      | Noticed Eustachio
  4452 | D:4      | Killed Eustachio
  4453 | D:4      | Reached skill level 1 in Ice Magic
  4453 | D:4      | Reached XP level 7. HP: 57/57 MP: 7/10
  4596 | D:5      | Entered Level 5 of the Dungeon
  4644 | D:5      | Noticed Duvessa
  4644 | D:5      | Noticed Dowan
  4655 | D:5      | Killed Duvessa
  4661 | D:5      | Killed Dowan
  5026 | D:5      | Reached XP level 8. HP: 64/64 MP: 9/11
  5085 | D:5      | Noticed a wyvern
  5110 | D:5      | Killed a wyvern
  5725 | D:5      | Reached skill level 5 in Ice Magic
  5865 | D:5      | Found a hide-covered altar of Uskayaw.
  5871 | D:5      | Found a broken altar of Ashenzari.
  5991 | D:6      | Found a staircase to the Ecumenical Temple.
  6000 | Temple   | Entered the Ecumenical Temple
  6222 | Temple   | Became a worshipper of Gozag Ym Sagoz the Greedy
  6531 | D:6      | Reached XP level 9. HP: 59/69 MP: 10/12
  7049 | D:6      | Found a stormy altar of Qazlal.
  7543 | D:7      | Found a sand-covered staircase.
  7563 | Ossuary  | Entered an ossuary
  8276 | D:7      | Found a radiant altar of Vehumet.
  8493 | D:8      | Noticed a centaur warrior
  8502 | D:7      | Killed a centaur warrior
  8503 | D:7      | Reached XP level 10. HP: 55/76 MP: 7/13
  8808 | D:8      | Noticed Psyche
  9120 | D:8      | Found a sparkling altar of Nemelex Xobeh.
  9206 | D:8      | Noticed a two-headed ogre
  9227 | D:8      | Killed a two-headed ogre
  9359 | D:8      | Reached skill level 10 in Transmutations
  9414 | D:8      | Noticed a centaur warrior
  9428 | D:8      | Killed a centaur warrior
  9429 | D:8      | Reached skill level 10 in Dodging
  9607 | D:8      | a merfolk changed into a moth of wrath
  9607 | D:8      | Noticed a moth of wrath (shapeshifter)
  9614 | D:8      | Noticed a centaur warrior
  9622 | D:8      | Killed a moth of wrath
  9627 | D:8      | Killed a centaur warrior
  9628 | D:8      | Reached XP level 11. HP: 47/81 MP: 10/14
 10753 | D:9      | Found a burning altar of Makhleb.
 10787 | D:9      | Found a sacrificial altar of Ru.
 10882 | D:8      | Noticed a cyclops
 11109 | D:9      | Found a snail-covered altar of Cheibriados.
 11722 | D:10     | Entered Level 10 of the Dungeon
 11798 | D:10     | Noticed a two-headed ogre
 11807 | D:10     | Killed a two-headed ogre
 11808 | D:10     | Reached skill level 14 in Unarmed Combat
 11833 | D:10     | Found an ornate altar of the Wu Jian Council.
 11979 | D:10     | Found a flagged portal.
 11980 | D:10     | Noticed Harold
 11995 | D:10     | Noticed a two-headed ogre
 12001 | D:10     | Killed Harold
 12003 | D:10     | Killed a two-headed ogre
 12004 | D:10     | Reached XP level 12. HP: 51/87 MP: 10/15
 12155 | Bailey   | Entered a bailey
 12977 | Bailey   | Found a large runed translucent door.
 12977 | Bailey   | Found a large runed translucent door.
 13046 | Bailey   | Identified the +0 shadow dragon scales of the Invisible
                  | Hand {rElec rPois Str-2 Dex+7 Stlth++++}
 13410 | D:10     | Noticed Grum
 13439 | D:10     | Reached skill level 1 in Armour
 13441 | D:10     | HP: 1/104 [Grum/-1 glaive (36)]
 13443 | D:10     | Killed Grum
 14071 | D:10     | Learned a level 3 spell: Call Canine Familiar
 14098 | D:11     | Noticed Snorg
 14116 | D:11     | Noticed Maurice
 14284 | D:11     | Noticed Sonja
 14414 | D:8      | Killed Psyche
 14415 | D:8      | Reached skill level 1 in Summonings
 14556 | D:12     | Noticed a two-headed ogre
 14563 | D:12     | Killed a two-headed ogre
 14564 | D:12     | Reached skill level 15 in Unarmed Combat
 14825 | D:12     | Found a staircase to the Orcish Mines.
 15133 | D:12     | Noticed a two-headed ogre
 15139 | D:12     | Killed a two-headed ogre
 15250 | D:12     | Found a transporter.
 15250 | D:12     | Noticed a boulder beetle
 15257 | D:12     | Found a transporter.
 15406 | D:12     | Reached skill level 5 in Summonings
 15781 | D:11     | Found a staircase to the Lair.
 16270 | D:13     | Found Loarois's Elemental Accessories.
 16583 | D:13     | Noticed a tengu warrior
 16625 | D:13     | Killed a tengu warrior
 16730 | Orc:1    | Entered Level 1 of the Orcish Mines
 16734 | Orc:1    | Noticed an orc warlord
 16820 | D:11     | Noticed a two-headed ogre
 17495 | D:11     | Killed a two-headed ogre
 18021 | D:12     | Killed Maurice
 18022 | D:12     | Reached XP level 13. HP: 82/93 MP: 7/16
 18120 | D:11     | Killed Snorg
 18173 | D:11     | Killed Sonja
 18478 | D:11     | Learned a level 4 spell: Summon Lightning Spire
 18489 | D:11     | Found Jevelame's Demolitions Depot.
 18704 | Lair:1   | Entered Level 1 of the Lair of Beasts
 18723 | Lair:1   | Found a gate leading to a gauntlet.
 18732 | Gauntlet | Entered a Gauntlet
 18732 | Gauntlet | Found a transporter.
 18740 | Gauntlet | Found a transporter.
 18744 | Gauntlet | Found a transporter.
 18752 | Gauntlet | Found a transporter.
 18756 | Gauntlet | Found a transporter.
 18768 | Gauntlet | Found a transporter.
 18772 | Gauntlet | Found a runed translucent door.
 18773 | Gauntlet | Found a runed translucent door.
 18776 | Gauntlet | Found a transporter.
 18780 | Gauntlet | Found a transporter.
 18788 | Gauntlet | Found a transporter.
 18819 | Gauntlet | Found a transporter.
 18831 | Gauntlet | Found a transporter.
 18834 | Gauntlet | Found a transporter.
 18844 | Gauntlet | Found a transporter.
 18857 | Gauntlet | Found a transporter.
 19056 | Gauntlet | Reached skill level 1 in Air Magic
 19316 | Gauntlet | Identified the ring "Cagyp Yzov" {Fly rN+ Dex+6}
 19446 | Gauntlet | Identified the ring of Kedwukhla {Ice rElec rCorr Str+2
                  | Stlth+}
 19675 | Gauntlet | Identified the +0 halberd of the Lost Eyes {freeze, rPois
                  | rF+ Int+3}
 19675 | Gauntlet | Noticed a minotaur
 19691 | Gauntlet | Killed a minotaur
 19847 | Gauntlet | Identified the +4 short sword of Xympez {vamp, +Blink}
 20753 | Lair:1   | Reached skill level 5 in Air Magic
 21730 | Lair:2   | Found a staircase to the Snake Pit.
 21935 | Lair:2   | Reached XP level 14. HP: 104/106 MP: 12/17
 22901 | Snake:1  | Entered Level 1 of the Snake Pit
 22901 | Snake:1  | Identified Roxanne's Elucidation of the Shift
 22901 | Snake:1  | Noticed Roxanne
 24142 | Lair:3   | Reached skill level 5 in Armour
 24640 | Lair:3   | Found a staircase to the Swamp.
 25120 | Lair:4   | Reached skill level 16 in Unarmed Combat
 26038 | Lair:5   | Entered Level 5 of the Lair of Beasts
 26038 | Lair:5   | Found a viscous altar of Jiyva.
 26038 | Lair:5   | Found a staircase to the Slime Pits.
 27194 | Lair:5   | Reached XP level 15. HP: 103/112 MP: 9/18
 27305 | Lair:5   | Reached skill level 17 in Unarmed Combat
 28713 | Lair:5   | Found a large runed translucent door.
 28718 | Lair:5   | Found a large runed translucent door.
 29032 | Lair:5   | Identified the +3 ring mail of Qeggav {Rampage rC+ rN+
                  | Stlth+}
 29622 | D:14     | Noticed Urug
 29622 | D:14     | Found a gate to the Vaults.
 29795 | D:14     | Reached skill level 10 in Fighting
 29961 | D:13     | Killed Urug
 30446 | D:14     | Reached skill level 18 in Unarmed Combat
 31143 | D:14     | Found an iron altar of Okawaru.
 31244 | D:13     | Bought the Handbook of Ice for 1080 gold pieces
 31249 | D:13     | Learned a level 4 spell: Summon Ice Beast
 31526 | D:15     | Entered Level 15 of the Dungeon
 31528 | D:15     | Noticed Erica
 31549 | D:15     | Noticed Louise
 31719 | D:12     | Killed an orc warlord
 32332 | Orc:2    | Entered Level 2 of the Orcish Mines
 32706 | Orc:2    | Found a staircase to the Elven Halls.
 34230 | Orc:2    | Noticed an orc warlord
 34344 | Orc:2    | Killed an orc warlord
 34345 | Orc:2    | Reached XP level 16. HP: 103/125 MP: 8/19
 36125 | Orc:2    | Found Ojacuqau's Antique Armour Shop.
 36133 | Orc:2    | Found Onaycamp's General Store.
 36184 | Orc:2    | Found Jikhligh's Book Boutique.
 36185 | Orc:2    | Found Petsis's Antique Weapon Shop.
 36200 | Orc:2    | Bought a book of Weapons for 448 gold pieces
 36202 | Orc:2    | Bought 2 potions of invisibility for 256 gold pieces
 36482 | Swamp:1  | Entered Level 1 of the Swamp
 36530 | Lair:3   | HP: 4/150 [eleionoma/spray of wooden splinters (21)]
 37049 | Swamp:1  | Noticed a fenstrider witch
 37058 | Swamp:1  | Killed a fenstrider witch
 37424 | Swamp:1  | Learned a level 5 spell: Blade Hands
 37707 | Swamp:1  | Noticed Kirke
 37717 | Swamp:1  | Killed Kirke
 38414 | Swamp:1  | You are sucked into a shaft and drop 1 floor!
 38414 | Swamp:2  | Noticed Donald
 38922 | Swamp:2  | Found a runed translucent door.
 38922 | Swamp:2  | Noticed Enkazo Toplu's ghost (adept AtWr)
 38922 | Swamp:2  | Noticed a thorn hunter
 39098 | Swamp:2  | Killed Donald
 39783 | Swamp:3  | Noticed Nikola
 41216 | Swamp:2  | Killed Nikola
 41402 | Swamp:3  | Found a corrupted altar of Lugonu.
 41403 | Swamp:3  | Found a one-way gate to the infinite horrors of the Abyss.
 41651 | Swamp:3  | Noticed a fenstrider witch
 41692 | Swamp:3  | Reached XP level 17. HP: 131/131 MP: 18/24
 41965 | Orc:2    | Bought Great Wizards, Vol. VII for 480 gold pieces
 41965 | Orc:2    | Bought 2 potions of haste for 320 gold pieces
 41969 | Orc:2    | Learned a level 3 spell: Tukima's Dance
 42486 | Swamp:3  | Reached skill level 19 in Unarmed Combat
 42486 | Swamp:3  | Reached skill level 1 in Hexes
 42568 | Swamp:4  | Entered Level 4 of the Swamp
 43090 | Swamp:4  | Paralysed by a fenstrider witch for 5 turns
 43094 | Swamp:4  | Slain by a fenstrider witch

Illustrated notes

Levels and vault maps discovered:
D:1:      amcnicky_arrival_double_pillar, layout_loops_cross
D:2:      layout_rooms
D:3:      layout_basic
D:4:      layout_basic, uniq_eustachio
D:5:      layout_rooms, cheibrodos_ashenzari_chains,
          eat_drink_and_be_merry_uskayaw, uniq_duvessa
D:6:      layout_gridville, nicolae_qazlal_style_of_elements,
          minmay_temple_entry_metal_lava, dreamdust_princess_corridor,
          chequers_serial_rivers_room_a
D:7:      layout_rooms, vehumet_crystals, nicolae_ossuary_entry_plus,
          minmay_misc_feat_tiny
D:8:      minmay_diamond_stairs, layout_rooms,
          nemelex_xobeh_ov_fountains_minmay, uniq_psyche
D:9:      layout_small_grid, mainiacjoe_overflow_concentric_impassable,
          mainiacjoe_overflow_paths, mainiacjoe_overflow_small_starburst
D:10:     layout_gridville, amcnicky_altar_gilded, enter_bailey_2,
          due_unseen_surprise, uniq_harold, uniq_grum
D:11:     layout_cave_pools, erik_lair_orcish_takeover, nicolae_blasting_shop,
          uniq_sonja, uniq_maurice, uniq_snorg
D:12:     gammafunk_boulding_lane, layout_basic, david_orc_3,
          nicolae_concentric_dashed_squares_wild
D:13:     layout_basic, nicolae_elemental_shop
D:14:     layout_gridville, david_vaults_3,
          hellmonk_okawaru_the_only_friend_you_need
D:15:     gammafunk_enter_depths_forms, layout_rooms, minmay_statues_item,
          sword_in_stone
Temple:   oiseaux_autumnal_temple
Lair:1:   layout_regular_city, gauntlet_entry_generic
Lair:2:   layout_gridlike, minmay_snake_entry_six_corridors
Lair:3:   pond_and_an_island_with_a_cottage, layout_regular_city,
          palyth_hydra_swamp_entry
Lair:4:   layout_big_grid, beast_lair_carwin_11
Lair:5:   cheibrodos_lair_end_hotspot, layout_layer_cave,
          nicolae_slime_entry_slimehenge, infiniplex_staircase_pool_2,
          serial_bayou_shore_a
Swamp:1:  layout_basic_swamp, nicolae_swamp_little_tower, swamp_pool3,
          nicolae_swamp_spooky_pond, uniq_kirke, uniq_louise
Swamp:2:  layout_basic_swamp, ebering_ghost_inner_flame, nicolae_swamp_treefoil,
          swamp_pool3, nicolae_swamp_oxbows, uniq_donald
Swamp:3:  layout_basic_swamp, evilmike_swamp_ruin_rubble_2,
          amcnicky_altar_lugonu_corruption, uniq_nikola
Swamp:4:  swamp_alternative, layout_basic_swamp
Snake:1:  layout_layer_cave, uniq_aizul, uniq_roxanne
Orc:1:    layout_caves, basic_altar, uniq_erica
Orc:2:    st_orc_congregation, layout_caves

Skill      XL: |  1  2  3  4  5  6  7  8  9 10 11 12 13 14 15 16 17 |
---------------+----------------------------------------------------+-----
Unarmed Combat | 4 5 13 14 15 16 18 19 | 19.2
Fighting       | 5 8 11 | 11.2
Dodging        | 7 9 10 13 14 | 14.2
Transmutations | 7 9 10 11 14 | 14.4
Ice Magic      | 1 3 5 6 7 8 |  8.0
Armour         | 3 7 8 |  8.0
Summonings     | 6 7 8 |  8.4
Air Magic      | 6 |  6.6
Spellcasting   | 4 |  4.6
Hexes          | 4 |  4.1

Action                     |  1- 3 |  4- 6 |  7- 9 | 10-12 | 13-15 | 16-18 || total
---------------------------+-------+-------+-------+-------+-------+-------++-------
  Melee: Unarmed           |    96 |    87 |   277 |   453 |  1138 |   440 ||  2491
         Punch             |     2 |     3 |    16 |    10 |    45 |    43 ||   119
         Headbutt          |       |     3 |    19 |       |       |       ||    22
  Throw: Dart              |       |       |       |     7 |       |       ||     7
   Cast: Beastly Appendage |     1 |     6 |    23 |       |       |       ||    30
         Wereblood         |       |     2 |     9 |     5 |       |       ||    16
         Ice Form          |       |       |     8 |    49 |    88 |    28 ||   173
         Call Canine Famil |       |       |       |     3 |     8 |       ||    11
         Summon Lightning  |       |       |       |       |    36 |    11 ||    47
         Summon Ice Beast  |       |       |       |       |     6 |    12 ||    18
         Blade Hands       |       |       |       |       |       |    27 ||    27
 Invoke: Potion Petition   |       |       |       |     5 |     2 |     2 ||     9
  Evoke: Wand              |       |       |     4 |     6 |     7 |       ||    17
    Use: Scroll            |     8 |     5 |    12 |     2 |     4 |     8 ||    39
         Potion            |       |     2 |     2 |     4 |     4 |       ||    12
   Stab: Sleeping          |     3 |     1 |       |       |     3 |       ||     7
         Invisible         |       |       |       |     2 |       |       ||     2
         Distracted        |       |       |       |     1 |    19 |     6 ||    26
         Petrified         |       |       |       |       |     3 |       ||     3
 Armour: Robe              |     8 |     9 |       |       |     4 |       ||    21
         Leather armour    |       |     5 |    18 |    13 |    41 |     3 ||    80
         Skin              |       |       |    23 |    87 |   161 |    27 ||   298
         Scale mail        |       |       |       |       |       |    22 ||    22
  Dodge: Dodged            |    45 |    40 |   172 |   290 |   768 |   256 ||  1571
  Block: Other             |       |       |       |    51 |   195 |    57 ||   303
         Reflection        |       |       |       |     2 |     9 |     2 ||    13

Table legend: (Time is in decaauts)
 A = Elapsed time spent in this place.
 B = Non-inter-level travel time spent in this place.
 C = Inter-level travel time spent in this place.
 D = Time resting spent in this place.
 E = Time spent auto-exploring this place.
 F = Levels seen in this place.
 G = Mean time per level.
                   A        B        C        D        E       F      G
               +--------+--------+--------+--------+--------+-----+--------+
         Total |  41910 |  37883 |   4027 |  15607 |  12914 |  31 | 1351.9 |
       Dungeon |  20017 |  17738 |   2279 |   6444 |   7149 |  15 | 1334.5 |
        Temple |    220 |    187 |     33 |      0 |    173 |   1 |  220.0 |
          Lair |   9494 |   8450 |   1044 |   2933 |   3340 |   5 | 1898.8 |
         Swamp |   5335 |   4996 |    339 |   2668 |   1273 |   4 | 1333.8 |
     Snake Pit |      1 |      1 |      0 |      0 |      0 |   1 |    1.0 |
  Orcish Mines |   4211 |   3880 |    331 |   1941 |    773 |   2 | 2105.5 |
       Ossuary |    264 |    264 |      0 |     32 |     75 |   1 |  264.0 |
        Bailey |    899 |    899 |      0 |    583 |     17 |   1 |  899.0 |
      Gauntlet |   1464 |   1464 |      0 |   1004 |    112 |   1 | 1464.0 |
               +--------+--------+--------+--------+--------+-----+--------+

Top non-repeatable levels by time:
    D:12: 3235 daAuts
   Orc:2: 3218 daAuts
  Lair:5: 2844 daAuts
  Lair:3: 2437 daAuts
 Swamp:2: 2195 daAuts
     D:4: 1691 daAuts
     D:3: 1683 daAuts
 Swamp:1: 1640 daAuts
  Lair:2: 1633 daAuts
     D:8: 1542 daAuts
    D:10: 1537 daAuts
    D:14: 1530 daAuts
  Lair:1: 1476 daAuts
Gauntlet: 1464 daAuts
     D:9: 1367 daAuts
